 Dungeon Crawl Stone Soup version 0.29-a0-340-g6efceafd81 (webtiles) character file.

Game seed: 15390794554434808014

62 siradein the Cutter (level 4, -3/24 HPs)
             Began as a Vine Stalker Berserker on Apr 19, 2022.
             Was a Believer of Trog.
             Slain by Terence
             ... wielding a +0 flail
              (10 damage)
             ... on level 3 of the Dungeon.
             The game lasted 00:05:22 (2544 turns).

siradein the Cutter (Vine Stalker Berserker)        Turns: 2544, Time: 00:05:22

Health: -3/24      AC:  8    Str: 20    XL:     4   Next: 8%
Magic:  0/5        EV:  8    Int:  7    God:    Trog [**....]
Gold:   62         SH:  0    Dex: 15    Spells: 3/3 levels left

rFire   . . .      SeeInvis .   a - +0 short sword
rCold   . . .      Faith    .   (no shield)
rNeg    . . .      Spirit   +   m - +0 chain mail
rPois   .          Reflect  .   (no helmet)
rElec   .          Harm     .   (no cloak)
rCorr   .          Rampage  .   (no gloves)
Will    .....                   (no boots)
Stlth   ..........              p - amulet of regeneration
HPRegen 1.68/turn               (no ring)
MPRegen 0.09/turn               (no ring)

@: no status effects
A: fangs 2, regeneration 1, magic shield, antimagic bite, no potion heal 2
a: Renounce Religion, Berserk, Trog's Hand


You were on level 3 of the Dungeon.
You worshipped Trog.
Trog was pleased with you.
You visited 1 branch of the dungeon, and saw 3 of its levels.

You collected 62 gold pieces.

Inventory:

Hand Weapons
 a - a +0 short sword (weapon)
Armour
 m - a +0 chain mail (worn)
Jewellery
 p - an amulet of regeneration (around neck)
Scrolls
 d - a scroll of enchant armour {unknown}
 g - a scroll of holy word {unknown}
 h - a scroll of fog {unknown}
 j - a scroll of magic mapping {unknown}
 k - 3 scrolls of identify {unknown}
 l - a scroll of noise {unknown}
 o - a scroll of vulnerability {unknown}
 q - a scroll of fear {unknown}
Potions
 b - a potion of brilliance {unknown}
 c - 2 potions of mutation {unknown}
 e - 2 potions of lignification {unknown}
 f - 2 potions of heal wounds {unknown}
 i - a potion of magic {unknown}
 n - a potion of attraction {unknown}


   Skills:
 + Level 3.2 Fighting
 + Level 3.2 Short Blades
 + Level 2.2 Armour
 + Level 2.2 Dodging


You had 3 spell levels left.
You didn't know any spells.
Your spell library was empty.

Dungeon Overview and Level Annotations

Branches:
Dungeon (3/15)

Altars:

Annotations:
D:3 Terence


Innate Abilities, Weirdness & Mutations

You have extremely sharp teeth.
Your natural rate of healing is unusually fast.
When hurt, damage is shared between your health and your magic reserves.
Your bite disrupts and absorbs the magic of your enemies.
Potions cannot restore your health.


Message History

q - a scroll labelled XOLUERUALAST Terence the Incautious comes into view.
He is wielding a +0 flail.
Terence shouts!
Terence is nearby!
Terence is nearby!
Found a leather armour.
You hit Terence.
Terence is lightly wounded.
Terence hits you but does no damage.
You hit Terence. You bite Terence, but do no damage.
Terence is moderately wounded.
Terence hits you with a +0 flail.
You hit Terence.
Terence is moderately wounded.
Terence closely misses you.
You completely miss Terence. Your bite misses Terence.
Terence is moderately wounded.
Terence hits you with a +0 flail!
You closely miss Terence. You bite Terence, but do no damage.
Terence is moderately wounded.
You hit Terence but do no damage. Your bite misses Terence.
Terence is moderately wounded.
Terence misses you.
You barely miss Terence.
Terence is moderately wounded.
Terence hits you with a +0 flail!
You hit Terence but do no damage. Your bite misses Terence.
Terence is moderately wounded.
Terence hits you with a +0 flail.
You hit Terence. Your bite misses Terence.
Terence is moderately wounded.
Terence hits you with a +0 flail!
You are too injured to fight recklessly!
You are too injured to fight recklessly!
You are too injured to fight recklessly!
You are too injured to fight recklessly!
Terence attacks as you move away! Terence hits you with a +0 flail.
* * * LOW HITPOINT WARNING * * *
Terence attacks as you move away! Terence hits you with a +0 flail!
You die...

..#..##.##.######.[
....###.##...# #.#
.#.## #.####.# #.#
..<# #.# #.## #.#
.†#####.# #..# #.#
........# ##.###.#
....##### #..##.#
....# ##.##@##
....# #..@..# ....#
###...# ....# #...#
##### #####


You could see Terence.

Vanquished Creatures
  2 adders
  A worm (D:3)
  4 endoplasms
  A giant cockroach (D:1)
  2 hobgoblins (D:1)
  8 jackals
  2 kobolds (D:1)
  2 ball pythons
  3 bats
  A frilled lizard (D:2)
  7 goblins
  4 rats
37 creatures vanquished.

Notes
Turn   | Place    | Note
-------+----------+-------------------------------------------
     0 | D:1      | siradein the Vine Stalker Berserker began the quest for the
                  | Orb.
     0 | D:1      | Reached XP level 1. HP: 11/11 MP: 2/2
   475 | D:1      | Reached XP level 2. HP: 9/16 MP: 1/3
   904 | D:1      | Reached XP level 3. HP: 20/20 MP: 4/4
  2469 | D:3      | Reached ** piety under Trog
  2470 | D:3      | Gained mutation: Your natural rate of healing is unusually
                  | fast. [Vine Stalker growth]
  2470 | D:3      | Reached XP level 4. HP: 24/24 MP: 5/5
  2532 | D:3      | Noticed Terence
  2544 | D:3      | Slain by Terence

Illustrated notes

Levels and vault maps discovered:
D:1:      dpeg_arrival_snail, layout_basic
D:2:      kennysheep_big_flooded_room, layout_loops_ring
D:3:      layout_rooms, shapermc_ecumenical_altar_petra, uniq_terence

Skill      XL: |  1  2  3 |
---------------+----------+-----
Short Blades   | 3 |  3.2
Fighting       | 3 |  3.2
Armour         | 2 |  2.2
Dodging        | 2 |  2.2

Action                   |  1- 3 |  4- 6 || total
-------------------------+-------+-------++-------
Melee: Short sword       |   110 |    17 ||   127
       Bite              |    37 |     5 ||    42
Armor: Animal skin       |     2 |       ||     2
       Scale mail        |    19 |       ||    19
       Chain mail        |     9 |     3 ||    12
Dodge: Dodged            |    67 |     5 ||    72

Table legend: (Time is in decaauts)
 A = Elapsed time spent in this place.
 B = Non-inter-level travel time spent in this place.
 C = Inter-level travel time spent in this place.
 D = Time resting spent in this place.
 E = Time spent auto-exploring this place.
 F = Levels seen in this place.
 G = Mean time per level.
                   A        B        C        D        E       F      G
               +--------+--------+--------+--------+--------+-----+--------+
         Total |   2538 |   2444 |     94 |      5 |   2112 |   3 |  846.0 |
       Dungeon |   2538 |   2444 |     94 |      5 |   2112 |   3 |  846.0 |
               +--------+--------+--------+--------+--------+-----+--------+

Top non-repeatable levels by time:
     D:1: 1473 daAuts
     D:2: 729 daAuts
     D:3: 334 daAuts
